 Dungeon Crawl Stone Soup version 0.21.1-1-g345015f (webtiles) character file.

202 Mythic the Cudgeler (level 6, -6/48 HPs)
             Began as a Human Berserker on Apr 30, 2018.
             Was a Believer of Trog.
             Blown up by Ijyb (13 damage)
             ... with a wand of disintegration (12)
             ... on level 4 of the Dungeon.
             The game lasted 00:23:59 (3612 turns).

Mythic the Cudgeler (Human Berserker)               Turns: 3612, Time: 00:23:59

Health: -6/48      AC:  2    Str: 19    XL:     6   Next: 8%
Magic:  6/6        EV: 13    Int:  7    God:    Trog [**....]
Gold:   92         SH:  4    Dex: 13    Spells: 5/5 levels left

rFire    . . .     SeeInvis .   g - +0 whip
rCold    . . .     Gourm    .   i - +0 buckler
rNeg     . . .     Faith    .   b - +0 animal skin
rPois    .         Spirit   .   (no helmet)
rElec    .         Reflect  .   (no cloak)
rCorr    .         Harm     .   (no gloves)
MR       .....                  (no boots)
Stlth    ++........             (no amulet)
HPRegen  0.16/turn              (no ring)
MPRegen  0.10/turn              (no ring)

@: very slightly contaminated, invisible
A: no striking features
a: Berserk, Trog's Hand, Burn Spellbooks, Renounce Religion


You were on level 4 of the Dungeon.
You worshipped Trog.
Trog was pleased with you.
You were not hungry.

You visited 1 branch of the dungeon, and saw 4 of its levels.

You collected 92 gold pieces.

Inventory:

Hand Weapons
 a - a +0 mace
 g - a +0 whip (weapon)
Armour
 b - a +0 animal skin (worn)
 i - a +0 buckler (worn)
Scrolls
 d - 2 scrolls of enchant weapon {unknown}
 e - a scroll of magic mapping {unknown}
 f - 8 scrolls of identify {unknown}
 l - 2 scrolls of remove curse {unknown}
 n - a scroll of amnesia {unknown}
 o - 3 scrolls of random uselessness {unknown}
Potions
 h - a potion of cancellation {unknown}
 k - 2 potions of resistance
 m - a potion of ambrosia {unknown}
 p - a potion of heal wounds {unknown}
Comestibles
 c - a ration


   Skills:
 + Level 3.8 Fighting
 + Level 4.6 Maces & Flails
 + Level 2.0 Armour
 + Level 3.4 Dodging
 + Level 1.0 Stealth
 + Level 1.0 Shields


You had 5 spell levels left.
You didn't know any spells.

Dungeon Overview and Level Annotations

Branches:
Dungeon (4/15)
 Temple: D:4-7

Altars:

Annotations:
D:4 Ijyb


Message History

an enchanted rapier; a leather armour; the human corpse of Eustachio
Things that are here:
an enchanted rapier; a leather armour; the human corpse of Eustachio You hear the slow hiss of a very distant avalanche of sand.
Things that are here:
an enchanted rapier; a leather armour; the human corpse of Eustachio You feel yourself speed up.
Ijyb the Twisted Goblin comes into view.
Ijyb shouts!
Ijyb zaps a wand.
You barely resist.
It is a wand of disintegration (14).
You recover from your berserk rage.
Ijyb zaps a wand.
You barely resist.
Ijyb zaps a wand.
You are blasted!
* * * LOW HITPOINT WARNING * * *
It was a potion of invisibility.
You fade into invisibility!
You are very lightly contaminated with residual magic.
Unknown command.
Ijyb zaps a wand.
You are blasted!
You die...

... ........... #.#
#%.......... #.#
........... #.#
#####.......... #.#
#.............. #.#
#...<.......... #.#
#.....$........
#.#####......g.......
#..)........@........
#######..............
#......./......
#..............
####...........
#...........
#...........
#........%..
#?..........


You could see Ijyb.

Vanquished Creatures
  Eustachio (D:4)
  3 adders
  A worm (D:3)
  2 dart slugs
  2 leopard geckos (D:1)
  3 ball pythons
  A giant cockroach (D:1)
  6 goblins
  3 hobgoblins
  4 bats
  A frilled lizard (D:1)
  5 kobolds
  6 rats
38 creatures vanquished.

Notes
Turn   | Place    | Note
-------+----------+-------------------------------------------
     0 | D:1      | Mythic the Human Berserker began the quest for the Orb.
     0 | D:1      | Reached XP level 1. HP: 18/18 MP: 1/1
   135 | D:1      | Reached XP level 2. HP: 24/24 MP: 2/2
   725 | D:1      | Reached XP level 3. HP: 27/29 MP: 3/3
  2435 | D:3      | Reached ** piety under Trog
  2468 | D:3      | Reached XP level 4. HP: 30/35 MP: 4/4
  2567 | D:3      | Reached skill level 4 in Maces & Flails
  3554 | D:4      | Noticed Eustachio
  3577 | D:4      | Killed Eustachio
  3577 | D:4      | Reached skill level 1 in Stealth
  3577 | D:4      | Reached skill level 1 in Shields
  3577 | D:4      | Reached XP level 5. HP: 19/42 MP: 5/5
  3577 | D:4      | Reached XP level 6. HP: 21/48 MP: 6/6
  3604 | D:4      | Noticed Ijyb
  3612 | D:4      | Blown up by Ijyb

Skill      XL: |  1  2  3  4 |
---------------+-------------+-----
Maces & Flails | 4 |  4.6
Dodging        | 3 |  3.4
Stealth        | 1 |  1.0
Shields        | 1 |  1.0
Fighting       | |  3.8
Armour         | |  2.0

Action                   |  1- 3 |  4- 6 || total
-------------------------+-------+-------++-------
Melee: Mace              |    28 |       ||    28
       Whip              |    89 |    49 ||   138
Invok: Berserk           |     2 |     3 ||     5
  Use: Potion            |     4 |     1 ||     5
  Eat: Chunk             |     4 |     2 ||     6
       Ration            |     1 |     1 ||     2
Armor: Animal skin       |    30 |     4 ||    34
Dodge: Dodged            |    81 |    29 ||   110
Block: Buckler           |    15 |     7 ||    22
